Match 43455584
Unlisted

Match 43455584
End
Construct Barracks
1⁄4-ton 4x4 Truck
Selects Armored Battlegroup
Selects Veteran Crews
Riflemen Squad
Riflemen Squad
Engineer Squad
Infantry Support Center
Riflemen Squad
M1918 Browning Automatic Rifles
Grenade Package
Riflemen Squad
Captain Retinue
Selects M31 Recovery Vehicle
Selects War Machine
Advanced Logistics
Construct Weapon Support Center
Riflemen Squad
Bazooka Squad
Bazooka Squad
Selects Fast Deploy
Construct Tank Depot
Selects Seek and Destroy
M18 Hellcat Tank Destroyer
Selects UNKNOWN (2160077)
Construct Medical Station
M4A3E8 Sherman Easy Eight
ConcernedApe
Luck
Facki
peace
0
0

Comments sign in to comment!

No comments posted yet!